AoeStats
← aykut.kaya35

Arabia

510357470Analyzed
2v2 RM · 1d ago on Sep 30, 2026· 67m 54s· 4 players
Game mode
Random Map
Map size
Medium (4 player)
Population
200
Speed
Normal
Resources
Standard
Victory
Conquest
Starting age
Dark Age
Ending age
Imperial Age
RankedLock teamsTeams togetherTeam positionsShared explorationLock speedFull tech treeHidden civsTurbo modeCheats
Victory
Defeat
🇹🇷 Ethiopians · Türkiye
979
+16
🇹🇷 Spanish · Türkiye
919
+48
🇫🇷 Byzantines · France
975
-17
🇨🇳 Khitans · China
968
-17
aykut.kaya35
0:31 Loom
13:38 Feudal Age
16:11 Double-Bit Axe
18:21 Wheelbarrow
20:17 Castle Age
18:12 Gold Mining
19:41 Scale Barding Armor
20:36 Forging
21:17 Bloodlines
22:02 Husbandry
23:16 Horse Collar
24:33 Chain Barding Armor
26:51 Fletching
27:05 Town Watch
28:41 Padded Archer Armor
28:38 Pikeman
30:01 Inquisition
31:18 Heavy Plow
30:40 Light Cavalry
33:53 Leather Archer Armor
36:45 Imperial Age
36:11 Iron Casting
35:28 Gambesons
36:02 Bow Saw
36:49 Cavalier
38:18 Plate Barding Armor
38:25 Conscription
39:16 Ring Archer Armor
38:30 Paladin
45:39 Blast Furnace
47:29 Elite Conquistador
49:31 Squires
63:40 Hussar
Lazarus
2:14 Loom
11:07 Feudal Age
15:21 Double-Bit Axe
16:11 Horse Collar
16:25 Gold Mining
17:22 Fletching
26:16 Castle Age
26:40 Crossbowman
27:31 Thumb Ring
29:24 Bodkin Arrow
33:08 Squires
32:55 Arson
43:30 Imperial Age
41:43 Murder Holes
44:16 Gold Shaft Mining
54:55 Wheelbarrow
56:41 Hand Cart
57:35 Bow Saw
64:24 Scale Mail Armor
64:31 Halberdier
68:08 Chain Mail Armor
党卫军
5:47 Loom
14:00 Feudal Age
14:37 Domestication
16:59 Double-Bit Axe
19:29 Wheelbarrow
21:52 Town Watch
24:41 Castle Age
26:00 Gold Mining
26:34 Husbandry
44:46 Imperial Age
45:30 Elite Steppe Lancer
46:26 Forging
46:21 Scale Barding Armor
48:46 Iron Casting
48:31 Chain Barding Armor
52:20 Hand Cart
52:33 Heavy Camel Rider
54:16 Bow Saw
54:11 Pastoralism
55:12 Plate Barding Armor
55:55 Fletching
64:49 Ordo Cavalry
66:17 Conscription
FauneMontagne91
6:44 Loom
9:30 Feudal Age
10:41 Horse Collar
19:20 Castle Age
18:19 Scale Barding Armor
18:19 Gold Mining
19:23 Forging
21:10 Gold Shaft Mining
22:00 Husbandry
22:23 Chain Barding Armor
23:30 Double-Bit Axe
28:07 Elite Skirmisher
30:21 Ballistics
29:53 Fletching
33:01 Imperial Age
32:39 Bodkin Arrow
33:40 Heavy Camel Rider
36:15 Plate Barding Armor
38:28 Wheelbarrow
39:28 Iron Casting
39:56 Chemistry
40:33 Hand Cart
43:30 Bracer
48:38 Padded Archer Armor
56:43 Bow Saw
Connection lost

Rejoining the realm…

Still unreachable

The connection could not be restored.

Session expired

The server has moved on; the page needs a fresh start.